Match 41796081
Unlisted

Match 41796081
End
Kradschützen Motorcycle Team
Panzerpioneer Squad
Panzergrenadier Squad
Selects Armored Support Battlegroup
250 Light Carrier
Construct Light Support Kompanie
Panzerjäger Squad
Construct Mechanized Kompanie
Combat Half-tracks
Selects Salvage Kits
8 Rad Armored Car
Assault Mechanized Group
Support Armor Elements
StuG III D Assault Gun
Vehicle Survival Package
Construct Panzerarmee Kommand
Selects Veteran Gunners
Selects Flammpanzer III Medium Tank
(502) Bad Gateway
Max
0
0

Comments sign in to comment!

No comments posted yet!